 Dungeon Crawl Stone Soup version 0.26-a0-854-gdc81c2f471 (webtiles) character file.

Game seed: 5609446790245308341

803023 marklar909 the Halfling Catapult (level 27, -1/222 HPs)
             Began as a Halfling Hunter on Nov 22, 2020.
             Was the Champion of the Shining One.
             Killed from afar by a Tzitzimitl (27 damage)
             ... with a bolt of cold
             ... created by the effects of Hell
             ... on level 7 of Tartarus.
             The game lasted 03:39:41 (90925 turns).

marklar909 the Halfling Catapult (Halfling Hunter) Turns: 90925, Time: 03:39:42

Health: -1/222     AC: 29    Str: 27    XL:     27
Magic:  21/37      EV: 37    Int:  8    God:    the Shining One [******]
Gold:   3861       SH: 21    Dex: 28    Spells: 36/38 levels left

rFire    + + +     SeeInvis +   b - +3 sling "Punk" {acid, rCorr}
rCold    + . .     Faith    .   q - +3 buckler of Mizezis {rElec rC+ Int-3 Dex+8}
rNeg     + + +     Spirit   .   v - +6 faerie dragon scales {rN+ Regen+ rCorr Stlth-}
rPois    +         Reflect  +   t - +0 mask of the Dragon {MR+ Slay+3 SInv}
rElec    +         Harm     .   Z - +2 cloak of Ageazedgh {*Drain MR++ Regen+ Int+3}
rCorr    +         Rampage  .   g - +2 pair of gloves {Str+3}
MR       +++++                  i - +2 pair of boots of Buxkioco {rN+}
Stlth    ++........             N - amulet of Starshine {Reflect rPois SH+5 Stlth+}
HPRegen  1.27/turn              S - ring "Mado" {rF+ rN+ Str+4}
MPRegen  0.25/turn              E - ring "Luwauka" {rF++ MR+}

@: hasted, glowing, studying 2 skills, silenced, very quick
A: small, dopey 1, mutation resistance 1
}: 6/15 runes: serpentine, barnacled, slimy, silver, obsidian, abyssal
a: Renounce Religion


You were on level 7 of Tartarus.
You worshipped the Shining One.
The Shining One was exalted by your worship.
You visited 14 branches of the dungeon, and saw 68 of its levels.
You visited the Abyss 1 time.
You visited 2 bazaars.
You also visited: Bailey, Ice Cave and Wizlab.

You collected 8355 gold pieces.
You spent 4494 gold pieces at shops.

Inventory:

Hand Weapons
 a - the +7 fustibalus of the Scavenger {speed, MR- Int+4}
   (You bought it in a shop on level 10 of the Dungeon)

   Attacks with this weapon are significantly faster.
   It affects your intelligence (+4).
   It affects your resistance to hostile enchantments.
 b - the +3 sling "Punk" (weapon) {acid, rCorr}
   (Okawaru gifted it to you on level 2 of the Elven Halls)

   It provides partial protection from all sources of acid and corrosion.
Missiles
 d - 760 sling bullets (quivered)
 l - 148 stones
Armour
 g - a +2 pair of gloves of strength (worn)
 i - the +2 pair of boots of Buxkioco (worn) {rN+}
   (You bought it in a shop on level 8 of the Dungeon)

   It protects you from negative energy.
 q - the +3 buckler of Mizezis (worn) {rElec rC+ Int-3 Dex+8}
   (Okawaru gifted it to you in a wizard's laboratory)

   It affects your intelligence (-3).
   It affects your dexterity (+8).
   It protects you from cold.
   It insulates you from electricity.
 t - the +0 mask of the Dragon (worn) {MR+ Slay+3 SInv}
   (Okawaru gifted it to you on level 4 of the Snake Pit)

   It affects your accuracy and damage with ranged weapons and melee attacks
   (+3).
   It affects your resistance to hostile enchantments.
   It lets you see invisible.
 v - the +6 faerie dragon scales (worn) {rN+ Regen+ rCorr Stlth-}
   (You took it off the Enchantress on level 1 of the Depths)

   It protects you from negative energy.
   It increases your rate of regeneration.
   It provides partial protection from all sources of acid and corrosion.
   It makes you less stealthy.
 Z - the +2 cloak of Ageazedgh (worn) {*Drain MR++ Regen+ Int+3}
   (You found it in a wizard's laboratory)

   It affects your intelligence (+3).
   It affects your resistance to hostile enchantments.
   It increases your rate of regeneration.
   It causes draining when unequipped.
Jewellery
 s - the ring "Bami" {+Inv rF+ rC+}
   (You took it off a vault warden on level 5 of the Vaults)

   [ring of protection from fire]

   It protects you from fire.
   It protects you from cold.
   It lets you turn invisible.
 E - the ring "Luwauka" (right hand) {rF++ MR+}
   (You bought it in a shop on level 3 of the Elven Halls)

   [ring of protection from magic]

   It greatly protects you from fire.
   It affects your resistance to hostile enchantments.
 N - the amulet of Starshine (around neck) {Reflect rPois SH+5 Stlth+}
   (You found it on level 1 of the Lair of Beasts)

   [amulet of reflection]

   It shields you and reflects attacks.
   It protects you from poison.
   It affects your SH (+5).
   It makes you more stealthy.
 S - the ring "Mado" (left hand) {rF+ rN+ Str+4}
   (You found it on level 3 of the Crypt)

   [ring of positive energy]

   It affects your strength (+4).
   It protects you from fire.
   It protects you from negative energy.
Wands
 e - a wand of digging (22)
 z - a wand of disintegration (57)
 B - a wand of acid (31)
Scrolls
 m - 12 scrolls of magic mapping
 u - a scroll of holy word
 w - 25 scrolls of remove curse
 y - 6 scrolls of blinking
 A - 27 scrolls of teleportation
 G - 9 scrolls of fog
 H - 13 scrolls of amnesia
 K - 2 scrolls of immolation
 P - 7 scrolls of silence
 R - 12 scrolls of identify
 W - 2 scrolls of summoning
Potions
 c - 9 potions of resistance
 f - 8 potions of haste
 j - 5 potions of ambrosia
 k - 35 potions of curing
 n - 7 potions of cancellation
 C - 2 potions of invisibility
 D - a potion of berserk rage
 I - 5 potions of magic
 J - 5 potions of might
 L - 11 potions of brilliance
 O - 9 potions of lignification
 T - 5 potions of flight
 Y - 6 potions of mutation
Books
 o - a manual of Dodging
 V - a manual of Spellcasting
Miscellaneous
 h - a tin of tremorstones (2/2)
 r - a phantom mirror
 x - a condenser vane
 M - a lightning rod (4/4)


   Skills:
 + Level 26.8 Fighting
 O Level 27 Slings
 * Level 20.7 Armour
 + Level 22.4 Dodging
 + Level 5.0 Stealth
 + Level 22.6 Shields
 + Level 6.1 Spellcasting
 + Level 6.0 Translocations
 * Level 21.2 Invocations
 + Level 1.7 Evocations


You had 36 spell levels left.
You knew the following spells:

 Your Spells              Type           Power        Failure   Level
a - Blink                 Tloc           N/A          3%          2

Your spell library contained the following spells:

 Spells                   Type           Power        Failure   Level
 Apportation              Tloc           ##....       2%          1
 Gell's Gravitas          Tloc           ##........   7%          3
 Lesser Beckoning         Tloc           ##........   7%          3
 Teleport Other           Tloc           ##......     7%          3
 Portal Projectile        Hex/Tloc       #.....       22%         3
 Passage of Golubria      Tloc           N/A          22%         4
 Animate Skeleton         Necr           #.....       26%         1
 Beastly Appendage        Tmut           #.....       26%         1
 Corona                   Hex            #......      26%         1
 Freeze                   Ice            #...         26%         1
 Magic Dart               Conj           #...         26%         1
 Pain                     Necr           #...         26%         1
 Sandblast                Erth           #.....       26%         1
 Shock                    Conj/Air       #...         26%         1
 Sting                    Tmut/Pois      #...         26%         1
 Summon Small Mammal      Summ           #...         26%         1
 Call Imp                 Summ           #.......     36%         2
 Corpse Rot               Necr/Air       N/A          36%         2
 Ensorcelled Hibernation  Hex/Ice        #.....       36%         2
 Passwall                 Tmut/Erth      #.......     36%         2
 Poisonous Vapours        Pois/Air       #.....       36%         2
 Slow                     Hex            #.......     36%         2
 Sublimation of Blood     Necr           #.........   36%         2
 Swiftness                Air            #.......     36%         2
 Wereblood                Tmut           #.......     36%         2
 Confusing Touch          Hex            #.......     61%         3
 Conjure Flame            Conj/Fire      #.......     61%         3
 Dazzling Flash           Conj/Hex       #.....       61%         3
 Frozen Ramparts          Ice            #.....       61%         3
 Ignite Poison            Fire/Tmut/Pois #.......     61%         3
 Inner Flame              Hex/Fire       #.......     61%         3
 Mephitic Cloud           Conj/Pois/Air  #.......     61%         3
 Ozocubu's Armour         Ice            #.......     61%         3
 Static Discharge         Conj/Air       #.......     61%         3
 Stone Arrow              Conj/Erth      #.....       61%         3
 Tukima's Dance           Hex            #.......     61%         3
 Summon Forest            Summ/Tloc      #.........   91%         5
 Airstrike                Air            #.........   95%         4
 Animate Dead             Necr           #.........   95%         4
 Cause Fear               Hex            #.........   95%         4
 Dispel Undead            Necr           #.......     95%         4
 Hailstorm                Conj/Ice       #.......     95%         4
 Ice Form                 Ice/Tmut       #.......     95%         4
 Leda's Liquefaction      Hex/Erth       #.........   95%         4
 Olgreb's Toxic Radiance  Pois           #.......     95%         4
 Petrify                  Tmut/Erth      #.......     95%         4
 Summon Ice Beast         Ice/Summ       #.......     95%         4
 Dispersal                Tloc           ##........   98%         6
 Alistair's Intoxication  Tmut/Pois      #........    100%        5
 Bolt of Magma            Conj/Fire/Erth #.........   100%        5
 Borgnjor's Vile Clutch   Necr/Erth      #.........   100%        5
 Excruciating Wounds      Necr           #.........   100%        5
 Fireball                 Conj/Fire      #.........   100%        5
 Irradiate                Conj/Tmut      #.........   100%        5
 Lee's Rapid Deconstruct  Erth           #.........   100%        5
 Lightning Bolt           Conj/Air       #.........   100%        5
 Metabolic Englaciation   Hex/Ice        #.........   100%        5
 Silence                  Hex/Air        #.........   100%        5
 Yara's Violent Unravell  Hex/Tmut       #.........   100%        5
 Death Channel            Necr           #.........   100%        6
 Eringya's Noxious Bog    Tmut/Pois      #.........   100%        6
 Freezing Cloud           Conj/Ice/Air   #.........   100%        6
 Hydra Form               Tmut           #.........   100%        6
 Invisibility             Hex            #.......     100%        6
 Iron Shot                Conj/Erth      #.........   100%        6
 Ozocubu's Refrigeration  Ice            #.........   100%        6
 Simulacrum               Ice/Necr       #.........   100%        6
 Starburst                Conj/Fire      #.........   100%        6
 Statue Form              Tmut/Erth      #........    100%        6
 Dragon Form              Tmut           #.........   100%        7
 Haunt                    Necr/Summ      #.........   100%        7
 Malign Gateway           Summ/Tloc      #.........   100%        7
 Monstrous Menagerie      Summ           #.........   100%        7
 Summon Greater Demon     Summ           #.........   100%        7
 Summon Hydra             Summ           #.........   100%        7
 Borgnjor's Revivificati  Necr           #.........   100%        8
 Discord                  Hex            #.........   100%        8
 Disjunction              Tloc           ##........   100%        8
 Ignition                 Fire           #.........   100%        8
 Infestation              Necr           #.........   100%        8
 Necromutation            Tmut/Necr      #.........   100%        8
 Summon Horrible Things   Summ           #.........   100%        8
 Death's Door             Necr           #.........   100%        9
 Shatter                  Erth           #.........   100%        9
 Tornado                  Air            #.........   100%        9


Dungeon Overview and Level Annotations

Branches:
Dungeon (15/15)            Temple (1/1) D:5            Lair (6/6) D:8
 Shoals (4/4) Lair:2        Snake (4/4) Lair:2        Slime (5/5) Lair:6
    Orc (2/2) D:10            Elf (3/3) Orc:2        Vaults (5/5) D:13
  Crypt (3/3) Vaults:2       Tomb (0/3) Crypt:3      Depths (5/5) D:15
   Hell (visited)             Dis (0/7) Hell            Geh (7/7) Hell
    Coc (0/7) Hell            Tar (7/7) Hell            Zot (0/5) Depths:5
 Bailey (visited)           IceCv (visited)          WizLab (visited)

Altars:
Ashenzari
Cheibriados
Dithmenos
Elyvilon
Fedhas
Gozag
Hepliaklqana
Kikubaaqudgha
Makhleb
Nemelex Xobeh
Okawaru
Qazlal
Ru
Sif Muna
Trog
Uskayaw
Vehumet
Wu Jian
Xom
Yredelemnul
Zin
The Shining One
Beogh
Jiyva

Shops:
D:8 *[   D:10 (   Orc:2 =*[(   Elf:1 }   Elf:3 =   Shoals:2 [   Snake:1 }*
Snake:3 *   Vaults:3 *   Depths:3 !   Depths:4 }=}

Portals:
Hell: Depths:1 Depths:2 Depths:3 Depths:4 Depths:5
Abyss: Depths:4
Pandemonium: Depths:3
Ziggurat: Depths:2

Annotations:
D:4 1 runed translucent door, Crazy Yiuf
Lair:1 1 runed translucent door, Hicaibrum's ghost, journeyman TeWr
Snake:1 1 runed translucent door, Vomitron's ghost, journeyman TrMo
Snake:4 1 runed translucent door, rocket00000's ghost, adept DrCj
Elf:3 4 exclusions
Vaults:3 2 transporters
Tar:7 Ereshkigal


Innate Abilities, Weirdness & Mutations

You are small and have problems with some larger weapons.
You are somewhat resistant to further mutation.
You are dopey. (Int -2)


Message History

The bolt of cold misses you.
Okay, then.
Evoke which item? (* to show all) (? for menu, Esc to quit)
Okay, then.
You feel yourself speed up. The Executioner misses you.
The Executioner barely misses you.
The Executioner hits you but does no damage.
You block the Executioner's attack. The Executioner completely misses you.
The Executioner misses you. The Tzitzimitl misses you. x2
The Executioner hits you but does no damage.
The Executioner completely misses you. You block the Executioner's attack.
Okay, then.
There is a large open door here.
Unknown command.
You block the Executioner's attack. x2
The Executioner hits you but does no damage.
The Tzitzimitl gestures at you.
The bolt of cold hits the Executioner!!
The Executioner resists.
The bolt of cold hits you!! You resist.
You die...

.............)...................
...............###..........####.
............####.###.....####..##
...........)##.....#######.......
.........)..##..⌠................
#.........).##....112............
##..........##.....&1........###'
,##.........###'1###.......###...
,,#.........###.@# #.....###...A1
,,##.........##..####....##......
,,,#..........#..#..###.###.8....
,,,#............).....###*#......
,,##........)..........# #....(.(
,,#.......#..)......#..# #..8....
,##....................###.......
##......................###......
#.......................###.8....


You could see a Tzitzimitl and an Executioner (summoned, fast).

Vanquished Creatures
  Asmodeus (Geh:7)
  the Royal Jelly (Slime:5)
  2 ancient liches
  Mara (Depths:1)
  The ghost of marklar909 the Slingshot, a master HaHu of Okawaru (Depths:3)
  Frederick (Depths:4)
  Bai Suzhen (Vaults:4)
  2 curse toes (Crypt:3)
  Saint Roka (Orc:2)
  Xtahua (Crypt:1)
  Vashnia (Snake:2)
  A golden dragon (Depths:5)
  The ghost of Bouff the Warrior, an adept DgCj (Depths:3)
  The ghost of Cepp the Warrior, an adept DgCj (Depths:3)
  Geryon (Hell)
  Nikola (Snake:4)
  the Enchantress (Depths:1)
  8 bone dragons
  18 Tzitzimimeh
  7 Brimstone Fiends
  4 doom hounds
  An iron giant (Depths:3)
  Rupert (Lair:6)
  7 tentacled monstrosities
  Asterion (Snake:4)
  9 liches
  9 deep elf blademasters
  3 quicksilver dragons
  9 sphinxes
  Frances (Snake:2)
  11 titans
  9 deep elf master archers
  Murray (Hell)
  25 acid blobs
  6 ancient champions
  5 tengu reavers
  8 shadow dragons
  6 tentacled starspawn
  An Executioner (Abyss:3)
  An eldritch tentacle (WizLab)
  4 revenants
  3 storm dragons
  Donald (Vaults:2)
  A draconian monk (Depths:5)
  27 fire giants
  Roxanne (Snake:3)
  10 nagarajas
  2 daevas (Depths:2)
  15 azure jellies
  Ilsuiw (Shoals:4)
  26 frost giants
  10 deep elf sorcerers
  An orc warlord (Orc:2)
  4 iron dragons
  2 deep elf elementalists (Elf:3)
  15 vault wardens
  A juggernaut zombie (Depths:1)
  15 ghouls
  2 draconian scorchers
  10 balrugs
  Aizul (Snake:4)
  4 curse skulls
  A draconian annihilator (Depths:5)
  23 stone giants
  A caustic shrike skeleton (Crypt:3)
  An angel (WizLab)
  4 spriggan defenders
  21 reapers
  19 ironheart preservers
  9 vampire knights
  11 very ugly things
  2 lorocyprocas (Hell)
  4 war gargoyles (Vaults:5)
  3 entropy weavers (Vaults:4)
  8 deep elf demonologists
  A purple draconian (WizLab)
  2 white draconians
  3 deep elf annihilators
  2 black draconians
  6 spark wasps
  2 yellow draconians
  2 red draconians (Depths:5)
  12 ettins
  6 eidola
  6 blizzard demons
  11 deep elf death magi
  A mummy priest (Hell)
  15 death oozes
  Josephine (D:15)
  11 merfolk javelineers
  11 jiangshi
  8 fire dragons
  A kraken zombie (Hell)
  13 great orbs of eyes
  3 quicksilver dragon zombies
  7 merfolk impalers
  6 deep elf high priests
  24 ogre magi
  16 yaktaur captains
  30 naga warriors
  38 vault guards
  3 spriggan air magi
  3 rakshasas
  A hydra (shapeshifter) (Vaults:5)
  9 boulder beetles
  A hell beast (Depths:1)
  13 ice dragons
  9 hydras
  2 ghost crabs
  A catoblepas (Shoals:4)
  2 alligator snapping turtles
  5 merfolk avatars
  6 death knights
  9 centaur warriors
  4 anacondas
  62 two-headed ogres
  4 satyrs (Shoals:4)
  14 hell hogs
  7 merfolk aquamancers
  22 dancing weapons
  18 deep troll earth magi
  18 deep troll shamans
  5 tengu warriors (Depths:1)
  4 spriggan berserkers
  4 titan zombies
  5 death yaks
  13 vampire magi
  25 naga sharpshooters
  An iron golem (Hell)
  Urug (Lair:2)
  5 thrashing horrors
  An orc high priest (Orc:2)
  13 sun demons
  Sonja (D:13)
  32 deep elf knights
  7 soul eaters
  Nergalle (D:11)
  3 titan skeletons
  35 hell knights
  7 shock serpents
  3 wretched stars (Abyss:2)
  A fire crab (Geh:5)
  2 spark wasp zombies (Hell)
  A death drake (Tar:7)
  3 shadow wraiths
  10 flayed ghosts
  2 storm dragon skeletons
  4 storm dragon zombies
  A sixfirhy (Abyss:4)
  5 salamander mystics
  49 deep trolls
  16 iron trolls
  40 skeletal warriors
  An obsidian statue (WizLab)
  5 shadow demons
  7 glowing orange brains
  16 sea snakes
  8 starcursed masses
  3 anaconda zombies
  8 unseen horrors
  5 bog bodies
  16 ironbrand convokers
  2 lindwurms
  30 deep elf archers
  A lindwurm (shapeshifter) (Vaults:4)
  An orange crystal statue (Depths:3)
  2 ghost moth zombies
  7 wizards
  18 phantasmal warriors
  23 harpies
  2 golden dragon skeletons
  11 naga ritualists
  4 shadow dragon zombies
  11 necromancers
  8 mana vipers
  68 deep elf magi
  An anaconda skeleton (Hell)
  3 stone giant zombies
  15 orc knights
  A sphinx zombie (Hell)
  5 iron dragon zombies
  4 orc sorcerers
  4 wolf spiders
  A shadow dragon skeleton (Crypt:1)
  57 ugly things
  4 fire giant zombies
  3 wolf spiders (shapeshifter)
  4 wolf spider zombies
  6 frost giant zombies
  A moth of wrath (shapeshifter) (Depths:5)
  2 sphinx skeletons
  A glowing shapeshifter (Vaults:5)
  An orb spider (shapeshifter) (Vaults:4)
  11 manticores
  3 iron dragon skeletons
  3 shining eyes
  2 salamanders (shapeshifter)
  11 cyclopes
  A worldbinder (WizLab)
  12 fauns
  12 salamanders
  5 frost giant skeletons
  44 black mambas
  7 rust devils
  2 shock serpent zombies
  4 water nymphs
  8 merfolk sirens
  A torpor snail (Lair:5)
  2 dire elephant zombies (Tar:3)
  7 fire giant skeletons
  7 guardian serpents
  A guardian serpent (shapeshifter) (Vaults:3)
  14 vault sentinels
  A spriggan zombie (Hell)
  A water nymph (shapeshifter) (Elf:1)
  6 molten gargoyles
  6 smoke demons
  3 stone giant skeletons
  A shock serpent skeleton (Crypt:3)
  2 black mambas (shapeshifter)
  40 naga magi
  9 cane toads
  A minotaur zombie (Tar:6)
  An ice statue (Hell)
  A dire elephant skeleton (Geh:4)
  A yellow draconian zombie (Crypt:1)
  Maggie (D:7)
  An emperor scorpion zombie (Geh:1)
  2 human zombies (Vaults:4)
  15 komodo dragons
  A white draconian zombie (Crypt:3)
  19 freezing wraiths
  A death yak zombie (Crypt:2)
  19 hellions
  4 kobold demonologists
  9 red devils
  14 tormentors
  A yaktaur zombie (Vaults:4)
  7 rime drakes
  A komodo dragon (shapeshifter) (Vaults:1)
  50 yaktaurs
  A catoblepas skeleton (Crypt:1)
  6 efreet
  5 guardian mummies (Crypt:3)
  43 merfolk
  10 ice devils
  A polar bear (shapeshifter) (Elf:2)
  9 trolls
  A sea snake skeleton (Crypt:2)
  A harpy zombie (Geh:7)
  A hellwing (Abyss:2)
  A queen bee (D:9)
  5 tengu conjurers
  7 wind drakes
  14 polar bears
  4 silent spectres
  5 hydra zombies
  A queen bee (shapeshifter) (Depths:4)
  73 slime creatures
  A jumping spider (Vaults:4)
  A harpy skeleton (D:13)
  9 hornets
  A wolf spider simulacrum (D:15)
  9 snapping turtles
  Grinder (D:4)
  An ettin zombie (Hell)
  13 blink frogs
  8 dream sheep
  5 hydra skeletons
  4 raiju (Abyss:4)
  Prince Ribbit (D:6)
  An ice dragon zombie (Tar:7)
  3 alligator zombies
  A meliai zombie (D:14)
  A slime creature (shapeshifter) (Vaults:5)
  5 fire dragon zombies
  A stone giant simulacrum (Hell)
  40 flying skulls
  2 redbacks (Vaults:4)
  7 spriggans
  6 ettin skeletons
  A centaur simulacrum (D:15)
  31 water elementals
  4 ice dragon skeletons
  64 yaks
  2 fire dragon skeletons
  4 air elementals
  A yak (shapeshifter) (Elf:2)
  Sigmund (D:5)
  A ynoxinul (Abyss:2)
  3 alligator skeletons
  15 fire elementals
  A tarantella (shapeshifter) (Depths:1)
  2 black mamba zombies
  25 wraiths
  2 vampires
  A tarantella (Vaults:4)
  25 shadows
  9 basilisks
  5 wyverns
  A fire bat (Hell)
  8 golden eyes
  A hog (shapeshifter) (Depths:1)
  Grum (D:9)
  2 steam dragons (Lair:6)
  2 black mamba skeletons
  A human simulacrum (Vaults:2)
  4 spatial vortices (WizLab)
  11 vampire mosquitoes
  2 chaos spawn
  83 nagas
  An insubstantial wisp (WizLab)
  3 large abominations
  A tengu zombie (Hell)
  9 wargs
  2 acid dragons
  2 hydra simulacra (Hell)
  An infernal demonspawn zombie (Crypt:3)
  A soldier ant (shapeshifter) (Depths:1)
  44 hell hounds
  A water moccasin (shapeshifter) (D:15)
  18 water moccasins
  A monstrous demonspawn skeleton (Crypt:3)
  2 floating eyes
  A deep troll skeleton (Crypt:1)
  A manticore zombie (Hell)
  71 orc warriors
  4 ice beasts
  5 eyes of draining
  4 sky beasts
  A cane toad skeleton (Geh:6)
  A hornet zombie (D:12)
  9 phantoms
  27 necrophages
  5 black bears
  A gelid demonspawn skeleton (WizLab)
  67 ogres
  2 swamp dragon zombies
  An ogre (shapeshifter) (Vaults:3)
  26 wolves
  A boggart (WizLab)
  3 snapping turtle zombies
  An eye of draining (shapeshifter) (Abyss:2)
  24 centaurs
  A manticore skeleton (Tar:7)
  3 snapping turtle skeletons
  A draconian zombie (Crypt:2)
  2 fire crab zombies
  2 big kobolds
  An elf zombie (Tar:7)
  4 gnoll sergeants
  3 earth elementals
  23 bullfrogs
  A wyvern zombie (D:13)
  A cyclops zombie (Crypt:1)
  A wyvern skeleton (D:11)
  A hornet simulacrum (D:15)
  5 scorpions
  7 small abominations
  A troll skeleton (Tar:7)
  39 killer bees
  83 wights
  2 howler monkeys
  A polar bear skeleton (Crypt:2)
  A spriggan skeleton (Crypt:1)
  2 electric eels (D:15)
  2 bullfrog zombies
  7 centaur zombies
  4 lava snakes (Lair:6)
  3 crimson imps
  A quasit (WizLab)
  A black bear zombie (Crypt:3)
  3 iron imps
  6 jellies
  8 centaur skeletons
  A gnoll shaman (D:8)
  30 orc priests
  7 hounds
  28 orc wizards
  Jessica (D:2)
  2 human skeletons
  2 iguanas
  Natasha (thrice) (D:4)
  11 worker ants
  6 lightning spires (Abyss:4)
  A dwarf zombie (Crypt:1)
  A deep dwarf skeleton (Crypt:1)
  A hound zombie (D:10)
  7 mummies (Crypt:3)
  2 worker ant zombies
  2 howler monkey skeletons
  13 adders
  24 gnolls
  15 shadow imps
  3 white imps
  An ooze (D:4)
  5 ufetubi
  A halfling zombie (Crypt:3)
  An adder skeleton (D:5)
  4 worms
  A barachi skeleton (Crypt:2)
  2 dart slugs
  8 leopard geckos
  119 orcs
  5 ball pythons
  9 bats
  A bat skeleton (Crypt:2)
  4 giant cockroaches
  10 goblins
  26 hobgoblins
  6 jackals
  4 quokkas
  7 frilled lizards
  22 kobolds
  A kobold skeleton (Crypt:3)
  A quokka skeleton (D:5)
  A quokka zombie (D:9)
  10 rats
  7 crawling corpses
  13 starspawn tentacles
  A tentacle (Hell)
3542 creatures vanquished.

Vanquished Creatures (collateral kills)
  A bone dragon (Tar:5)
  2 Brimstone Fiends
  A lich (Tar:5)
  A Hell Sentinel (Geh:7)
  A titan (Geh:3)
  2 frost giants
  2 balrugs (Geh:7)
  2 reapers
  A stone giant (Geh:5)
  6 hell hogs
  An iron golem (Geh:7)
  6 sun demons (Geh:7)
  A deep elf knight (Geh:7)
  2 hell knights
  3 skeletal warriors (Tar:5)
  An anaconda zombie (Geh:6)
  A ghost moth zombie (Geh:3)
  A phantasmal warrior (Geh:7)
  A flayed ghost (Geh:7)
  A wolf spider zombie (Geh:6)
  A frost giant skeleton (Geh:5)
  A fire giant skeleton (Geh:7)
  A smoke demon (Geh:6)
  2 shock serpent skeletons
  An efreet (Geh:7)
  3 hellions
  A freezing wraith (Tar:5)
  A red devil (Geh:5)
  A fire dragon zombie (Geh:7)
  2 flying skulls (Geh:6)
  A wraith (Geh:7)
  2 fire elementals (Geh:5)
  6 hell hounds (Geh:6)
  A swamp dragon zombie (Geh:5)
  A necrophage (Tar:5)
  A snapping turtle skeleton (Geh:6)
  A wight (Geh:5)
64 creatures vanquished.

Vanquished Creatures (others)
  2 titans
  A yellow draconian (Geh:3)
  A naga warrior (Snake:3)
  A merfolk aquamancer (Shoals:4)
  A hell hog (Geh:1)
  A deep elf knight (Elf:2)
  A hell knight (Depths:1)
  2 deep elf archers (Elf:2)
  5 deep elf magi (Elf:2)
  A polar bear (IceCv)
  A flying skull (Tar:7)
  A fire dragon skeleton (Geh:1)
  2 water elementals (Elf:2)
  A black mamba skeleton (Geh:6)
  A yak (IceCv)
  A naga (Snake:4)
  4 ogres
  2 ufetubi (D:15)
  6 fungi
  229 plants
  6 starspawn tentacles
  3 tentacles (Hell)
  28 withered plants
301 creatures vanquished.

Grand Total: 3907 creatures vanquished

Notes
Turn   | Place    | Note
-------+----------+-------------------------------------------
     0 | D:1      | marklar909 the Halfling Hunter began the quest for the Orb.
     0 | D:1      | Reached XP level 1. HP: 14/14 MP: 1/1
    62 | D:1      | Reached skill level 6 in Slings
   148 | D:1      | Reached XP level 2. HP: 19/19 MP: 2/2
   156 | D:1      | Found a broken altar of Ashenzari.
   485 | D:1      | Reached XP level 3. HP: 24/24 MP: 3/3
  1025 | D:2      | Found an opulent altar of Gozag.
  1029 | D:2      | Reached skill level 7 in Slings
  1058 | D:2      | Found a burning altar of Makhleb.
  1168 | D:2      | You fall into a shaft and drop 1 floor!
  1306 | D:2      | Reached XP level 4. HP: 29/29 MP: 4/4
  1315 | D:2      | Reached skill level 1 in Armour
  1420 | D:2      | Found a sparkling altar of Nemelex Xobeh.
  1444 | D:2      | Noticed Jessica
  1451 | D:2      | Killed Jessica
  1452 | D:2      | Reached XP level 5. HP: 18/36 MP: 5/5
  1867 | D:3      | Noticed a +0 hand axe
  1868 | D:3      | Noticed a +0 hand axe
  1931 | D:3      | Found a hide-covered altar of Uskayaw.
  2077 | D:3      | Reached skill level 8 in Slings
  3034 | D:3      | Reached XP level 6. HP: 17/42 MP: 6/6
  3302 | D:4      | Noticed a phantom
  3322 | D:4      | Killed a phantom
  3323 | D:4      | Reached skill level 9 in Slings
  3558 | D:4      | Reached XP level 7. HP: 46/46 MP: 7/7
  3678 | D:4      | Noticed Natasha
  3681 | D:4      | Killed Natasha
  3742 | D:4      | Found a blossoming altar of Fedhas.
  3829 | D:4      | Noticed Natasha
  3841 | D:4      | Killed Natasha
  3842 | D:4      | Reached skill level 10 in Slings
  3895 | D:4      | Noticed Natasha
  3899 | D:4      | Killed Natasha
  3914 | D:4      | Noticed Grinder
  4066 | D:4      | Found a runed translucent door.
  4067 | D:4      | Noticed Crazy Yiuf
  4122 | D:4      | Paralysed by Grinder for 4 turns
  4136 | D:4      | Killed Grinder
  4137 | D:4      | Reached XP level 8. HP: 54/54 MP: 8/8
  4478 | D:5      | Entered Level 5 of the Dungeon
  4581 | D:5      | Reached skill level 11 in Slings
  4603 | D:5      | Found a staircase to the Ecumenical Temple.
  4650 | Temple   | Entered the Ecumenical Temple
  4862 | Temple   | Became a worshipper of Warmaster Okawaru
  4922 | D:5      | Reached skill level 1 in Evocations
  5025 | D:5      | Found a shimmering blue altar of Sif Muna.
  5083 | D:5      | Reached skill level 12 in Slings
  5259 | D:5      | Noticed Sigmund
  5266 | D:5      | Killed Sigmund
  5269 | D:5      | Got a buzzing chain mail
  5286 | D:5      | Reached XP level 9. HP: 59/59 MP: 9/9
  5482 | D:5      | Identified the +1 chain mail "Byodgh Udin" {Rampage Dex+3
                  | SInv} (You found it on level 5 of the Dungeon)
  5669 | D:5      | Reached * piety under Okawaru
  5670 | D:5      | Reached skill level 5 in Fighting
  5670 | D:5      | Reached skill level 13 in Slings
  6164 | D:6      | Found a shimmering altar of Xom.
  6532 | D:6      | Found an ornate altar of the Wu Jian Council.
  7124 | D:7      | Reached ** piety under Okawaru
  7125 | D:7      | Reached skill level 5 in Armour
  7147 | D:7      | Noticed Prince Ribbit
  7201 | D:6      | Killed Prince Ribbit
  7202 | D:6      | Reached XP level 10. HP: 69/69 MP: 10/10
  7364 | D:7      | Found a white marble altar of Elyvilon.
  7369 | D:7      | Noticed Maggie
  7382 | D:7      | Killed Maggie
  7577 | D:7      | Found a radiant altar of Vehumet.
  7673 | D:7      | Found a stormy altar of Qazlal.
  7774 | D:7      | Reached skill level 14 in Slings
  8127 | D:7      | Reached *** piety under Okawaru
  8299 | D:8      | Found Meicy's Antique Armour Boutique.
  8415 | D:8      | Found Xiow's Assorted Antiques.
  8419 | D:8      | Bought a scroll labelled WEDIPP OCOS for 23 gold pieces
  8419 | D:8      | Bought a pair of dazzling boots for 218 gold pieces
  8429 | D:8      | Identified the +2 pair of boots of Buxkioco {rN+} (You
                  | bought it in a shop on level 8 of the Dungeon)
  8705 | D:8      | Found a staircase to the Lair.
  8768 | D:8      | Received a gift from Okawaru
  9953 | D:8      | Reached skill level 1 in Invocations
  9981 | D:8      | Reached **** piety under Okawaru
 10272 | D:9      | Reached XP level 11. HP: 67/77 MP: 11/11
 10320 | D:9      | Reached skill level 15 in Slings
 10371 | D:9      | Reached skill level 5 in Dodging
 10737 | D:9      | Noticed Grum
 10774 | D:9      | Killed Grum
 10781 | D:9      | Received a gift from Okawaru
 11411 | D:9      | Found a hazy altar of Hepliaklqana.
 11683 | D:10     | Entered Level 10 of the Dungeon
 11713 | D:10     | Found a staircase to the Orcish Mines.
 11737 | D:10     | Received a gift from Okawaru
 11926 | D:10     | Received a gift from Okawaru
 12127 | D:10     | Found Dop Weap's Antique Weapon Shop.
 12141 | D:10     | Bought a smouldering fustibalus for 460 gold pieces
 12141 | D:10     | Identified the +7 fustibalus of the Scavenger {speed, MR-
                  | Int+4} (You bought it in a shop on level 10 of the Dungeon)
 12231 | D:10     | Noticed a two-headed ogre
 12237 | D:10     | Killed a two-headed ogre
 12237 | D:10     | Reached ***** piety under Okawaru
 12238 | D:10     | Reached skill level 16 in Slings
 12289 | D:10     | Found a flagged portal.
 12296 | Bailey   | Entered a bailey
 12395 | Bailey   | Received a gift from Okawaru
 12462 | Bailey   | Reached XP level 12. HP: 76/87 MP: 14/14
 12514 | Bailey   | Received a gift from Okawaru
 12515 | Bailey   | Reached skill level 10 in Fighting
 13133 | Lair:1   | Entered Level 1 of the Lair of Beasts
 13489 | Lair:1   | Received a gift from Okawaru
 13519 | Lair:1   | Found a runed translucent door.
 13522 | Lair:1   | Noticed Hicaibrum's ghost (journeyman TeWr)
 13579 | Lair:1   | Got a heavily runed bronze amulet
 14011 | Lair:2   | Found a staircase to the Snake Pit.
 14156 | Lair:2   | Found an ancient bone altar of Kikubaaqudgha.
 14192 | Lair:2   | Noticed a seven-headed hydra
 14200 | Lair:2   | Killed a seven-headed hydra
 14406 | Lair:2   | Reached skill level 5 in Invocations
 14440 | Lair:2   | Found a staircase to the Shoals.
 14664 | Lair:2   | Noticed Urug
 14672 | Lair:2   | Killed Urug
 14672 | Lair:2   | Received a gift from Okawaru
 14675 | Lair:2   | Got a spiked buckler {god gift}
 14681 | Lair:2   | Identified the +0 buckler of Minor Irritation {*Drain rElec
                  | rC+ Dex+6} (Okawaru gifted it to you on level 2 of the Lair
                  | of Beasts)
 14690 | Lair:2   | Identified the amulet of Starshine {Reflect rPois SH+5
                  | Stlth+} (You found it on level 1 of the Lair of Beasts)
 14806 | Lair:2   | Noticed a five-headed hydra
 14814 | Lair:2   | Killed a five-headed hydra
 14815 | Lair:2   | Reached XP level 13. HP: 92/97 MP: 16/16
 14921 | Lair:2   | Reached skill level 17 in Slings
 14958 | Lair:2   | Noticed a five-headed hydra
 14966 | Lair:2   | Killed a five-headed hydra
 16707 | Lair:4   | Received a gift from Okawaru
 16708 | Lair:4   | Reached skill level 1 in Shields
 17100 | Lair:5   | Noticed a six-headed hydra
 17106 | Lair:5   | Killed a six-headed hydra
 17256 | Lair:5   | Received a gift from Okawaru
 17310 | Lair:5   | Reached skill level 10 in Armour
 17356 | Lair:5   | Reached XP level 14. HP: 108/108 MP: 11/18
 17901 | Lair:5   | Reached ****** piety under Okawaru
 18154 | Lair:6   | Entered Level 6 of the Lair of Beasts
 18165 | Lair:6   | Received a gift from Okawaru
 18204 | Lair:6   | Noticed Rupert
 18216 | Lair:6   | Killed Rupert
 18217 | Lair:6   | Reached skill level 18 in Slings
 18224 | Lair:6   | Received a gift from Okawaru
 18683 | Lair:6   | Found a viscous altar of Jiyva.
 18684 | Lair:6   | Found a staircase to the Slime Pits.
 18811 | Lair:6   | Found a large runed translucent door.
 18865 | Lair:6   | Received a gift from Okawaru
 18965 | Lair:6   | Found a large runed translucent door.
 19245 | Lair:6   | Reached skill level 15 in Fighting
 19315 | Lair:6   | Got a sparkling zirconium amulet
 19330 | Lair:6   | Identified the amulet "Liavuxukk" {Inacc Int+3 Stlth+} (You
                  | found it on level 6 of the Lair of Beasts)
 19849 | D:11     | Noticed Nergalle
 19859 | D:11     | Killed Nergalle
 20107 | D:11     | Received a gift from Okawaru
 20522 | D:12     | Reached XP level 15. HP: 116/116 MP: 20/20
 20807 | D:12     | Identified the ring of Surprise {rN+ rCorr Str+4}
 21525 | Orc:1    | Entered Level 1 of the Orcish Mines
 22104 | Orc:2    | Entered Level 2 of the Orcish Mines
 22208 | Orc:2    | Gained mutation: You are dopey. (Int -2) [a neqoxec]
 22478 | Orc:2    | Noticed an orc warlord
 22514 | Orc:2    | Killed an orc warlord
 22582 | Orc:2    | Noticed Saint Roka
 22743 | Orc:2    | Found a staircase to the Elven Halls.
 22770 | Orc:2    | Received a gift from Okawaru
 22771 | Orc:2    | Reached skill level 19 in Slings
 22863 | Orc:2    | Found a roughly hewn altar of Beogh.
 22885 | Orc:2    | Killed Saint Roka
 22886 | Orc:2    | Reached skill level 10 in Dodging
 22992 | Orc:2    | Found Seehit's Antique Weapon Boutique.
 23029 | Orc:2    | Found Ulaps's Antique Armour Boutique.
 23042 | Orc:2    | Found Meutis's Jewellery Boutique.
 23099 | Orc:2    | Found Wedemil's General Store.
 23108 | Orc:2    | Bought a potion of brilliance for 56 gold pieces
 23108 | Orc:2    | Bought a scroll of teleportation for 42 gold pieces
 24526 | D:12     | Reached XP level 16. HP: 54/124 MP: 22/22
 24894 | D:13     | Noticed Sonja
 24898 | D:13     | Killed Sonja
 24911 | D:13     | Reached skill level 5 in Shields
 25005 | D:13     | Received a gift from Okawaru
 25384 | D:13     | Found a gate to the Vaults.
 25703 | D:14     | Received a gift from Okawaru
 25806 | D:14     | Received a gift from Okawaru
 26816 | D:15     | Entered Level 15 of the Dungeon
 27160 | D:15     | Found a frozen archway.
 27171 | IceCv    | Entered an ice cave
 27185 | IceCv    | Received a gift from Okawaru
 27692 | IceCv    | Noticed a frost giant
 27723 | IceCv    | Killed a frost giant
 27738 | IceCv    | Reached XP level 17. HP: 122/132 MP: 18/24
 28355 | D:15     | Reached skill level 20 in Slings
 28360 | D:15     | Noticed Josephine
 28383 | D:15     | Killed Josephine
 28674 | D:15     | Received a gift from Okawaru
 28677 | D:15     | Found a staircase to the Depths.
 29368 | Shoals:1 | Entered Level 1 of the Shoals
 29391 | Shoals:1 | Reached skill level 10 in Invocations
 30371 | Shoals:1 | Received a gift from Okawaru
 30460 | Shoals:1 | Got a twisted ring mail {god gift}
 30965 | Shoals:2 | Found Hostruika's Armour Emporium.
 31270 | Shoals:2 | Reached XP level 18. HP: 140/140 MP: 25/25
 32876 | Shoals:4 | Entered Level 4 of the Shoals
 33036 | Shoals:4 | Received a gift from Okawaru
 33167 | Shoals:4 | Received a gift from Okawaru
 33516 | Shoals:4 | Reached skill level 21 in Slings
 33666 | Shoals:4 | Noticed Ilsuiw
 33683 | Shoals:4 | Received a gift from Okawaru
 34093 | Shoals:4 | Killed Ilsuiw
 34655 | Shoals:4 | Reached XP level 19. HP: 107/147 MP: 19/27
 34767 | Shoals:4 | Received a gift from Okawaru
 35372 | Shoals:4 | Got a barnacled rune of Zot
 35715 | Shoals:4 | Received a gift from Okawaru
 35914 | Shoals:4 | Identified the +4 ring mail of the Kraken {Str+2 Int+2}
                  | (Okawaru gifted it to you on level 1 of the Shoals)
 36150 | Snake:1  | Entered Level 1 of the Snake Pit
 36458 | Snake:1  | Found Conail Lumno's Gadget Shop.
 36462 | Snake:1  | Found Udura's General Store.
 36473 | Snake:1  | Bought a scroll of teleportation for 36 gold pieces
 36473 | Snake:1  | Bought a scroll of identify for 24 gold pieces
 36473 | Snake:1  | Bought 6 stones for 7 gold pieces
 37115 | Snake:1  | Found a runed translucent door.
 37115 | Snake:1  | Noticed Vomitron's ghost (journeyman TrMo)
 37439 | Snake:2  | Noticed Vashnia
 37542 | Snake:2  | Killed Vashnia
 37542 | Snake:2  | Received a gift from Okawaru
 38030 | Snake:2  | Reached skill level 10 in Shields
 38094 | Snake:2  | Noticed Frances
 38131 | Snake:2  | Killed Frances
 38881 | Snake:2  | Reached XP level 20. HP: 148/156 MP: 28/28
 39374 | Snake:3  | Received a gift from Okawaru
 39745 | Snake:3  | Found an ancient bone altar of Kikubaaqudgha.
 40124 | Snake:3  | Received a gift from Okawaru
 40499 | Snake:3  | Found Hogin's General Store.
 40540 | Snake:3  | Reached skill level 22 in Slings
 40556 | Snake:3  | Bought a scroll of identify for 22 gold pieces
 40687 | Snake:3  | Noticed Roxanne
 40701 | Snake:3  | Killed Roxanne
 40815 | Snake:4  | Entered Level 4 of the Snake Pit
 40839 | Snake:4  | Noticed Nikola
 40861 | Snake:4  | Killed Nikola
 41195 | Snake:4  | Noticed Aizul
 41214 | Snake:4  | Killed Aizul
 41509 | Snake:4  | Received a gift from Okawaru
 41510 | Snake:4  | Found the +0 mask of the Dragon {MR+ Slay+3 SInv}
 41869 | Snake:4  | Noticed Asterion
 41895 | Snake:4  | Killed Asterion
 41944 | Snake:4  | Reached XP level 21. HP: 141/163 MP: 30/30
 42458 | Snake:4  | Received a gift from Okawaru
 42698 | Snake:4  | Got a serpentine rune of Zot
 42917 | Snake:4  | Found a runed translucent door.
 42917 | Snake:4  | Noticed rocket00000's ghost (adept DrCj)
 43647 | D:8      | Bought a glowing cloak for 172 gold pieces
 44085 | Vaults:1 | Entered Level 1 of the Vaults
 44300 | Elf:1    | Entered Level 1 of the Elven Halls
 44664 | Elf:1    | Found Ingedu's Gadget Shoppe.
 45023 | Elf:1    | Found the ring of the Octopus King
 45028 | Elf:1    | Got a ring of the Octopus King
 45284 | Elf:1    | Received a gift from Okawaru
 45421 | Elf:1    | Identified a ring of the Octopus King {Wiz AC+1 EV+1 Str+1
                  | Int+1 Dex+1} (You found it on level 1 of the Elven Halls)
 45822 | Elf:2    | Found a runed translucent gate.
 45822 | Elf:2    | Found a runed translucent gate.
 45823 | Elf:2    | Found a runed translucent gate.
 45949 | Elf:2    | Reached skill level 23 in Slings
 45969 | Elf:2    | Received a gift from Okawaru
 46141 | Elf:2    | Found a gateway to a bazaar.
 46165 | Bazaar   | Entered a bazaar
 46165 | Bazaar   | Found Cykamu Suda's Armour Shop.
 46202 | Bazaar   | Found Mihonies's Armour Boutique.
 46224 | Bazaar   | Found Reeblusch's Magic Scroll Boutique.
 46232 | Bazaar   | Bought a scroll of identify for 28 gold pieces
 46237 | Bazaar   | Found Nacom's Gadget Emporium.
 46245 | Bazaar   | Found Tythaeho's Distillery.
 46253 | Bazaar   | Bought a potion of curing for 45 gold pieces
 46253 | Bazaar   | Bought a potion of might for 60 gold pieces
 46253 | Bazaar   | Bought a potion of haste for 150 gold pieces
 46253 | Bazaar   | Bought a potion of curing for 45 gold pieces
 46282 | Bazaar   | Bought the +4 ring mail "Equof" {rC++ Str+4} for 967 gold
                  | pieces
 46459 | Elf:2    | Reached XP level 22. HP: 172/172 MP: 31/31
 46512 | Elf:2    | Received a gift from Okawaru
 47087 | Elf:3    | Entered Level 3 of the Elven Halls
 47088 | Elf:3    | Identified a scroll of acquirement
 47314 | Elf:3    | Found Daimut's Jewellery Boutique.
 47326 | Elf:3    | Bought the ring "Luwauka" {rF++ MR+} for 841 gold pieces
 47337 | Elf:3    | Reached skill level 15 in Armour
 47711 | Elf:3    | Received a gift from Okawaru
 48174 | Elf:3    | Identified the +5 long sword of the Eternal Warrior
                  | {vorpal, rPois Int+5}
 48384 | Elf:3    | Identified the +7 war axe of Eternal Night {speed, Str+5}
 48384 | Elf:3    | Identified the cursed +2 rapier of Experimentation {vamp,
                  | rElec rPois rC- Dex+4}
 48470 | Elf:3    | Received a gift from Okawaru
 48542 | Elf:2    | Received a gift from Okawaru
 48543 | Elf:2    | Found the +3 sling "Punk" {acid, rCorr}
 49112 | Elf:3    | Identified Pugif's Incunabulum of Earthen Air
 49268 | Elf:3    | Identified Mymnesin's Guide on the Rocks and Changing
 49786 | Elf:3    | Acquired a +1 pair of gloves of strength
 50003 | D:8      | Learned a level 2 spell: Blink
 50159 | Vaults:1 | Received a gift from Okawaru
 50306 | Vaults:1 | Reached skill level 1 in Translocations
 50337 | Vaults:1 | Identified the +6 long sword "Evomuul" {chaos, Int+2}
 50342 | Vaults:1 | Reached XP level 23. HP: 180/180 MP: 32/32
 50411 | Vaults:1 | Reached skill level 1 in Spellcasting
 51618 | Vaults:2 | Received a gift from Okawaru
 51627 | Vaults:2 | Noticed Donald
 51632 | Vaults:2 | Reached skill level 24 in Slings
 51641 | Vaults:2 | Killed Donald
 52196 | Vaults:2 | Found a basalt altar of Yredelemnul.
 52557 | Vaults:2 | Reached skill level 15 in Dodging
 52786 | Vaults:2 | Found a staircase to the Crypt.
 53813 | Vaults:3 | Reached XP level 24. HP: 189/189 MP: 33/33
 54022 | Vaults:3 | Found a transporter.
 54052 | Vaults:3 | Found a transporter.
 54126 | Vaults:3 | Received a gift from Okawaru
 54192 | Vaults:3 | Found Wigo's Assorted Antiques.
 54375 | Vaults:3 | Received a gift from Okawaru
 54657 | Vaults:3 | Found the ring of Shadows {Umbra +Inv Stlth+}
 54760 | Vaults:3 | Received a gift from Okawaru
 55402 | Vaults:4 | Found a flickering gateway to a bazaar.
 55554 | Bazaar   | Entered a bazaar
 55571 | Bazaar   | Found Tifoth's Distillery.
 55571 | Bazaar   | Found Isied's Magic Scroll Shoppe.
 55592 | Bazaar   | Found Hegiat's Armour Shoppe.
 55607 | Bazaar   | Found Okla's Antique Armour Shoppe.
 55622 | Bazaar   | Found Ojuillagg's Antique Armour Emporium.
 55622 | Bazaar   | Found Iniahario's Gadget Shoppe.
 55632 | Bazaar   | Bought a jade-encrusted ring mail for 234 gold pieces
 55716 | Bazaar   | Bought a scroll of teleportation for 30 gold pieces
 55716 | Bazaar   | Bought a scroll of identify for 20 gold pieces
 55716 | Bazaar   | Bought a scroll of teleportation for 30 gold pieces
 55716 | Bazaar   | Bought a scroll of identify for 20 gold pieces
 55716 | Bazaar   | Bought a scroll of identify for 20 gold pieces
 55722 | Bazaar   | Bought a potion of haste for 110 gold pieces
 55722 | Bazaar   | Bought a potion of haste for 110 gold pieces
 55722 | Bazaar   | Bought a potion of might for 44 gold pieces
 55872 | Vaults:4 | Reached skill level 5 in Spellcasting
 55888 | Vaults:4 | Reached skill level 5 in Translocations
 55937 | Vaults:4 | Noticed Bai Suzhen
 55957 | Vaults:4 | Killed Bai Suzhen
 56746 | Vaults:4 | Received a gift from Okawaru
 57225 | Vaults:4 | Received a gift from Okawaru
 57248 | Vaults:4 | Reached XP level 25. HP: 195/195 MP: 33/33
 57769 | Vaults:4 | Identified the +1 ring mail "Cischeso" {+Fly rC+} (You
                  | bought it in a shop in a bazaar)
 58303 | Crypt:1  | Entered Level 1 of the Crypt
 58721 | Crypt:1  | Received a gift from Okawaru
 58779 | Crypt:1  | Noticed Xtahua
 58788 | Crypt:1  | Killed Xtahua
 59518 | Crypt:2  | Received a gift from Okawaru
 59768 | Crypt:2  | Reached skill level 25 in Slings
 60240 | Crypt:3  | Entered Level 3 of the Crypt
 60325 | Crypt:3  | Found a magical portal.
 60360 | WizLab   | Entered The Roulette of Golubria
 60360 | WizLab   | Found a transporter.
 60365 | WizLab   | Found a corrupted altar of Lugonu.
 60366 | WizLab   | Found the +1 cloak of Starlight {rElec rC+ EV+4 Stlth--}
 60392 | WizLab   | Found a transporter.
 60398 | WizLab   | Found a transporter.
 60409 | WizLab   | Found a transporter.
 60465 | WizLab   | Found a transporter.
 60466 | WizLab   | Found a transporter.
 60508 | WizLab   | Found a corrupted altar of Lugonu.
 60606 | WizLab   | Found a transporter.
 60693 | WizLab   | Found a transporter.
 60694 | WizLab   | Found a corrupted altar of Lugonu.
 60786 | WizLab   | Found a transporter.
 60828 | WizLab   | Found a transporter.
 61019 | WizLab   | Found a transporter.
 61019 | WizLab   | Found a transporter.
 61077 | WizLab   | Found a transporter.
 61110 | WizLab   | Identified Golubria's Disquisition on Orientation
 61226 | WizLab   | Identified Eloahemp's Handbook of the Compass
 61243 | WizLab   | Found a transporter.
 61243 | WizLab   | Found a transporter.
 61335 | WizLab   | Found a transporter.
 61390 | WizLab   | Found a transporter.
 61390 | WizLab   | Found a transporter.
 61478 | WizLab   | Received a gift from Okawaru
 61485 | WizLab   | Found a transporter.
 61485 | WizLab   | Found a transporter.
 61521 | WizLab   | Got a pitted cloak
 61535 | WizLab   | Got a faintly humming buckler {god gift}
 61538 | WizLab   | Got a masterwork cloak
 61550 | WizLab   | Got a spiked cloak
 61770 | Crypt:3  | Reached XP level 26. HP: 204/204 MP: 34/34
 61800 | Crypt:3  | Noticed a curse toe
 61825 | Crypt:3  | Reached skill level 15 in Shields
 61836 | Crypt:3  | Noticed a curse toe
 61856 | Crypt:3  | Killed a curse toe
 61892 | Crypt:3  | Killed a curse toe
 62197 | Crypt:3  | Found the +4 skin of Zhor {Englaciate rC+++ SInv}
 63018 | Crypt:3  | Reached skill level 15 in Invocations
 63999 | Crypt:3  | Found a staircase to the Tomb.
 64699 | Crypt:3  | Noticed an ancient lich
 64784 | Crypt:3  | Killed an ancient lich
 64786 | Crypt:3  | Received a gift from Okawaru
 64919 | Crypt:3  | Identified the Volume of Darkness
 64933 | Crypt:3  | Identified the +3 buckler of Mizezis {rElec rC+ Int-3
                  | Dex+8} (Okawaru gifted it to you in a wizard's laboratory)
 64950 | Crypt:3  | Identified the +3 cloak of Leadd {rC+++ MR- rCorr Slay+2}
                  | (You found it in a wizard's laboratory)
 64951 | Crypt:3  | Identified the cursed +0 cloak of the Depths {Dex+3} (You
                  | found it in a wizard's laboratory)
 64952 | Crypt:3  | Identified the +2 cloak of Ageazedgh {*Drain MR++ Regen+
                  | Int+3} (You found it in a wizard's laboratory)
 64960 | Crypt:3  | Got a faintly glowing bronze ring
 64960 | Crypt:3  | Got a smoking copper ring
 64962 | Crypt:3  | Identified the ring of Efaergh {rN+ MR+ Int+2 Stlth+} (You
                  | found it on level 3 of the Crypt)
 64963 | Crypt:3  | Identified the ring "Mado" {rF+ rN+ Str+4} (You found it on
                  | level 3 of the Crypt)
 65613 | Crypt:2  | Got a polished chain mail {god gift}
 65614 | Crypt:2  | Identified the +0 chain mail "Beshuisu" {Int+4} (Okawaru
                  | gifted it to you on level 2 of the Crypt)
 66136 | Depths:1 | Entered Level 1 of the Depths
 66158 | Depths:1 | Found a gateway to Hell.
 66405 | Depths:1 | Noticed Mara
 66474 | Depths:1 | Noticed marklar909's illusion
 66664 | Depths:1 | Noticed marklar909's illusion
 66669 | Depths:1 | Killed Mara
 66691 | Depths:1 | Reached XP level 27. HP: 211/211 MP: 34/34
 67321 | Depths:2 | Noticed the Enchantress
 67387 | Depths:1 | Killed the Enchantress
 68172 | Depths:2 | Received a gift from Okawaru
 68294 | Depths:2 | Found a gateway to a ziggurat.
 68303 | Depths:2 | Paralysed by a floating eye for 4 turns
 68696 | Depths:3 | Reached skill level 26 in Slings
 68944 | Depths:3 | Identified Nocvor's Guide on Scorching Hexes
 69116 | Depths:3 | Found Deidipyh's Distillery.
 69119 | Depths:3 | Bought a potion of heal wounds for 100 gold pieces
 69119 | Depths:3 | Bought a potion of cancellation for 160 gold pieces
 69119 | Depths:3 | Bought a potion of cancellation for 160 gold pieces
 69119 | Depths:3 | Bought a potion of mutation for 160 gold pieces
 69119 | Depths:3 | Bought a potion of heal wounds for 100 gold pieces
 69280 | Depths:3 | Found a runed translucent door.
 69390 | Depths:3 | Noticed marklar909's ghost (master HaHu)
 69399 | Depths:3 | Found a one-way gate leading to the halls of Pandemonium.
 69657 | Depths:3 | Killed marklar909's ghost
 69674 | Depths:3 | Found a runed translucent door.
 69683 | Depths:3 | Noticed Cepp's ghost (adept DgCj)
 69722 | Depths:3 | Killed Cepp's ghost
 69797 | Depths:3 | Found a runed translucent door.
 69805 | Depths:3 | Noticed Bouff's ghost (adept DgCj)
 69861 | Depths:3 | Killed Bouff's ghost
 69969 | Depths:3 | Got a pair of twisted boots
 69970 | Depths:3 | Identified the cursed +0 pair of boots of Spite {-Tele
                  | Rampage rElec rF-} (You found it on level 3 of the Depths)
 70345 | Depths:4 | Received a gift from Okawaru
 70665 | Depths:4 | Noticed Frederick
 70676 | Depths:4 | Killed Frederick
 70756 | Depths:4 | You fall into a shaft and drop 1 floor!
 70756 | Depths:5 | Entered Level 5 of the Depths
 70756 | Depths:5 | Found a gate to the Realm of Zot.
 70949 | Depths:5 | Received a gift from Okawaru
 71134 | Depths:5 | Found a snail-covered altar of Cheibriados.
 71397 | Depths:5 | Received a gift from Okawaru
 71508 | Depths:5 | Received a gift from Okawaru
 72483 | Depths:4 | Found a one-way gate to the infinite horrors of the Abyss.
 72676 | Depths:4 | Found Vekil's Gadget Boutique.
 72676 | Depths:4 | Found Urotiokh's Jewellery Shoppe.
 72677 | Depths:4 | Found Vuyre's Gadget Boutique.
 73399 | Depths:4 | Voluntarily entered the Abyss.
 73510 | Abyss:2  | Found a corrupted altar of Lugonu.
 73811 | Abyss:2  | Found a corrupted altar of Lugonu.
 74286 | Abyss:4  | Got an abyssal rune of Zot
 74352 | Abyss:5  | Entered Level 5 of the Abyss
 74352 | Abyss:5  | Found a corrupted altar of Lugonu.
 74365 | Depths:4 | Escaped the Abyss
 74703 | Vaults:5 | Entered Level 5 of the Vaults
 74712 | Vaults:5 | Received a gift from Okawaru
 74719 | Vaults:5 | Reached skill level 27 in Slings
 74722 | Vaults:5 | Received a gift from Okawaru
 74835 | Vaults:5 | Noticed an ancient lich
 74977 | Vaults:5 | Identified the amulet "Zuklosu" {Faith Str+2 Int+4}
 74978 | Vaults:5 | Killed an ancient lich
 74983 | Vaults:5 | Received a gift from Okawaru
 74998 | Vaults:5 | Identified the ring "Bami" {+Inv rF+ rC+}
 75013 | Vaults:5 | Received a gift from Okawaru
 75043 | Vaults:5 | Received a gift from Okawaru
 75072 | Vaults:5 | Identified the +3 great sword of Xelouq {freeze, Str+4}
 75354 | Vaults:5 | Identified the +6 glaive of the Dungeon {pain, rN+ MR+
                  | Dex-4}
 75449 | Vaults:5 | Received a gift from Okawaru
 75597 | Vaults:5 | Received a gift from Okawaru
 75787 | Vaults:5 | Identified the +7 flail of Dary {vamp, rC+ rN+ Stlth-}
 76365 | Vaults:5 | Got a silver rune of Zot
 76571 | Vaults:5 | Received a gift from Okawaru
 76572 | Vaults:5 | Found the +7 Spriggan's Knife {stab, EV+4 Stlth+}
 76931 | D:8      | Acquired a manual of Dodging
 77096 | Slime:1  | Entered Level 1 of the Pits of Slime
 78272 | Slime:5  | Entered Level 5 of the Pits of Slime
 78417 | Slime:5  | Received a gift from Okawaru
 78426 | Slime:5  | Noticed the Royal Jelly
 78449 | Slime:5  | Killed the Royal Jelly
 79253 | Slime:5  | Got a slimy rune of Zot
 79834 | Slime:5  | Acquired 436 gold pieces
 80337 | Hell     | Entered the Vestibule of Hell
 80337 | Hell     | Noticed Geryon
 80352 | Hell     | Killed Geryon
 80384 | Hell     | Received a gift from Okawaru
 80809 | Hell     | Found a gateway to the decaying netherworld of Tartarus.
 80900 | Hell     | Found a gateway to the freezing wastes of Cocytus.
 80935 | Hell     | Noticed Murray
 80952 | Hell     | Killed Murray
 81228 | Hell     | Received a gift from Okawaru
 81512 | Hell     | Found a gateway to the Iron City of Dis.
 81674 | Hell     | Found a gateway to the ashen valley of Gehenna.
 81841 | Geh:1    | Entered Level 1 of Gehenna
 82316 | Temple   | Fell from the grace of Okawaru
 82320 | Temple   | Became a worshipper of the Shining One
 83237 | Geh:1    | Reached * piety under the Shining One
 83609 | Geh:1    | Reached ** piety under the Shining One
 83648 | Geh:1    | Reached *** piety under the Shining One
 83825 | Geh:2    | Reached **** piety under the Shining One
 83974 | Geh:3    | Reached ***** piety under the Shining One
 84367 | Geh:4    | Reached ****** piety under the Shining One
 85419 | Geh:7    | Entered Level 7 of Gehenna
 86527 | Geh:7    | Identified the cursed -5 tower shield of the Tormentor
                  | {Str+5 Int+4 Dex-5}
 86718 | Geh:7    | Identified the +7 sceptre of Asmodeus
 86718 | Geh:7    | Noticed Asmodeus
 86746 | Geh:7    | Killed Asmodeus
 86944 | Geh:7    | Got an obsidian rune of Zot
 87290 | Tar:1    | Entered Level 1 of Tartarus
 88370 | Tar:4    | Reached skill level 5 in Stealth
 89652 | Tar:7    | Entered Level 7 of Tartarus
 90582 | Tar:7    | Was forgiven by Okawaru
 90891 | Tar:7    | Noticed Ereshkigal
 90925 | Tar:7    | Killed from afar by a Tzitzimitl

Illustrated notes

Levels and vault maps discovered:
D:1:      dpeg_arrival_fog, layout_basic, evilmike_ruin_ashenzari
D:2:      layout_rooms, nicolae_gozag_seed_capital, lemuel_crystal_altar,
          nemelex_xobeh_ov_fountains_minmay, uniq_jessica
D:3:      layout_basic, dancing_weapons_uskayaw, minmay_misc_feat_roman
D:4:      layout_rooms, lemuel_doored_altar, fountainhead, uniq_natasha,
          uniq_grinder, uniq_crazy_yiuf_cottage
D:5:      layout_basic, led_sif_book, minmay_temple_entry_tees, uniq_sigmund
D:6:      layout_loops_ring, tgw_xom, general_overflow_altar,
          kennysheep_generic_room_8
D:7:      layout_basic, elyvilon_altar_1, grunt_qazlal_sundering,
          lemuel_round_altar, uniq_prince_ribbit1, uniq_maggie
D:8:      kennysheep_housing_project, layout_loops_cross,
          erik_lair_orcish_takeover, serial_shops, shop,
          nicolae_shop_behind_doors
D:9:      layout_stronghold, lemuel_coloured_pillars_altar, minivault_7,
          uniq_grum
D:10:     layout_basic, orc_0_dummy, serial_shops, nicolae_shop_trees,
          enter_bailey_3, minivault_4, minivault_25
D:11:     layout_irregular_city, uniq_nergalle
D:12:     layout_loops_ring, minmay_fractal_squares_gapless_7
D:13:     layout_rooms, erik_vaults_2, interstate_on_off, minmay_bent,
          uniq_sonja
D:14:     cheibrodos_orc_bank, layout_cave_pools, special_room
          [special_room_orc], hangedman_decor_diamond_cutter,
          serial_column_ruins, column_ruins_hut_pillars,
          column_ruins_open_large, column_ruins_open_small,
          column_ruins_columns_straight, column_ruins_open_small_water
D:15:     gammafunk_enter_depths_forms, layout_basic, serial_ice, serial_ice_m,
          serial_ice_j, serial_ice_e, serial_ice_o, portal_ice_cave_rime,
          hangedman_decor_riveting, hangedman_glass_garden,
          minmay_parallelograms, uniq_josephine
Temple:   jpeg_temple_alley_garden
Lair:1:   layout_regular_city, ebering_ghost_inner_flame
Lair:2:   cheibrodos_lair_overgrown_chateau, layout_chaotic_city,
          elwin_shoals_entry_stream, minmay_snake_entry_guardpost_small,
          basic_altar, uniq_urug
Lair:3:   layout_loops_ring, chequers_serial_rivers_small_b, grunt_megastairs_5
Lair:4:   layout_regular_city, grunt_forest_large_clearing_hut
Lair:5:   layout_gridlike, serial_bayou_pond_b, infiniplex_staircase_pool_2,
          serial_bayou_shore_b
Lair:6:   cheibrodos_lair_end_hotspot, layout_small_grid,
          dpeg_slime_entry_enclosed_altar, uniq_rupert
Shoals:1: layout_shoals, hangedman_shoals_cup_caves
Shoals:2: layout_shoals, serial_shops, shop_statue
Shoals:3: layout_shoals
Shoals:4: shoals_end_grunt_garden, layout_shoals, shoal_ilsuiw,
          argonaut_gorgonesque
Snake:1:  layout_rooms, gammafunk_ghost_grave, st_stairs_1, lemuel_fruit_tree,
          minmay_shop_star
Snake:2:  nicolae_sea_snake_s, layout_grid_shapes, guppyfry_library_mini,
          uniq_vashnia, uniq_frances
Snake:3:  layout_misc_corridors, serial_shops, shop, basic_altar,
          hangedman_corner_corridor, grunt_megastairs_2, uniq_roxanne
Snake:4:  snake_pit, layout_cave_town, ebering_ghost_inner_flame,
          nicolae_snake_springs, uniq_asterion, uniq_nikola, uniq_aizul
Slime:1:  layout_caves
Slime:2:  layout_caves, cheibrodos_slime_lost_civilization_4
Slime:3:  layout_caves
Slime:4:  layout_caves
Slime:5
Orc:1:    layout_diamond_mine
Orc:2:    grunt_orc_cross, layout_caves, uniq_saint_roka
Elf:1:    layout_gridlike, serial_shops, shop_fountains,
          kennysheep_underground_church, roderic_roman_lattice,
          small_chamber_with_monster
Elf:2:    layout_geoelf_octagon, serial_shops, bzr_firewalk
Elf:3:    grunt_elf_hall_branching, layout_gridlike, serial_shops, shop
Vaults:1: nicolae_vaults_diagonal_hallway_7, ontoclasm_vaults_fault,
          nicolae_vaults_alarming, v_misc_25, vaults_room_pool,
          nicolae_vaults_rhombus_7, vaults_room_ringed_pool,
          grunt_vaults_hallway_long, hangedman_vaults_stitches, v_rooms_5,
          vaults_room_pool, nicolae_vaults_windows_and_doors_thing,
          nicolae_vaults_what_the_h, v_misc_14, ontoclasm_vaults_twist,
          nicolae_vaults_network_star, ontoclasm_vaults_loading_screen,
          layout_vaults_omnibox
Vaults:2: hangedman_vaults_stream, vaults_dpeg_ring,
          nicolae_vaults_border_crossing, minmay_crypt_entry_simple_walls,
          vaults_dpeg_hooks, v_misc_10, vaults_room_fours, v_alt_pattern_6,
          layout_vaults_quadrants, basic_altar, uniq_donald
Vaults:3: gammafunk_its_a_trap, v_pattern_1, vaults_room_boxed, v_alt_pattern_2,
          v_alt_pattern_4, vaults_standard_mumra_x, v_misc_14,
          grunt_vaults_hallway_short, nicolae_vaults_shelves_hall,
          ontoclasm_vaults_shuriken, serial_ice_g, layout_vaults_maze_snakey,
          serial_shops, shop
Vaults:4: v_misc_15, v_misc_13, v_misc_4, ontoclasm_vaults_loading_screen,
          hangedman_vaults_unwind, hangedman_vaults_restitches,
          vaults_mumra_minichess_inversion, hangedman_vaults_nodes,
          vaults_mumra_bighexcomb, grunt_vaults_diagonal,
          hangedman_vaults_cutoff, vaults_dpeg_spiral, layout_vaults_big_cross,
          serial_shops, bzr_entry_islet, uniq_bai_suzhen
Vaults:5
Crypt:1:  layout_gridlike, roderic_lattice_octagonal_star, uniq_xtahua
Crypt:2:  layout_rooms, uniq_margery
Crypt:3:  david_glass_crypt, layout_misc_corridors,
          nicolae_tomb_entry_grand_gallery, infiniplex_enter_wizlab_water,
          eino_tiny_chamber, minigarden_bobbens
Depths:1: layout_gridville, nrook_mini_backslash, grunt_mini_vestibule,
          chequers_decorated_corner, kilobyte_mutagenic_chamber, uniq_mara
Depths:2: abrahamwl_protected_by_tso_1, layout_cave_pools, enter_ziggurat_d,
          pf_hell_entry_tar_spiral, hangedman_decor_lopped, uniq_enchantress
Depths:3: minmay_chopped_fan, layout_gridlike, hell_entry, serial_bayou_pond_c,
          serial_shops, kennysheep_mini, muffindrake_ghost_three_little_ghosts,
          pan_entry, minmay_protected_statue
Depths:4: kennysheep_blocky_hall, layout_gridville, hangedman_coc_ice_floe,
          abyss_entry, minmay_misc_feat_secret_circle, minmay_shop_grove,
          infiniplex_staircase_trident, uniq_frederick
Depths:5: grunt_zot_entry_bicorn, layout_gridlike, hell_entry, nicolae_wwwww,
          cheibriados_altar_1
Hell
Geh:1:    layout_gehenna_pools_basic, hangedman_gehenna_grave_pits,
          evilmike_ambush [evilmike_ambush_outer_corners,
          evilmike_ambush_inner_basic]
Geh:2:    layout_gehenna_pools_box
Geh:3:    layout_gehenna_lava_caves, lemuel_hellion_isle
Geh:4:    grunt_deathspiral_small, layout_gehenna_lava_caves
Geh:5:    layout_gehenna_pools_box
Geh:6:    layout_gehenna_lava_caves
Geh:7:    evilmike_geh
Tar:1:    layout_grid_maze, nicolae_tar_cuneiform_three
Tar:2:    layout_honeycomb
Tar:3:    layout_cathedral_of_symmetry, nicolae_tar_cuneiform_bread
Tar:4:    minmay_shadows, layout_honeycomb
Tar:5:    layout_honeycomb
Tar:6:    layout_grid_maze
Tar:7:    tar_old

Skill      XL: |  1  2  3  4  5  6  7  8  9 10 11 12 13 14 15 16 17 18 19 20 21 22 23 24 25 26 27 |
---------------+----------------------------------------------------------------------------------+-----
Slings         | 6 7 8 9 10 12 13 14 16 17 18 19 20 21 22 23 24 25 27 | 27.0
Fighting       | 2 3 4 6 8 9 12 14 15 16 17 18 19 20 21 22 23 26 | 26.8
Armour         | 1 2 3 5 6 7 8 10 11 12 13 14 15 16 17 20 | 20.7
Dodging        | 3 4 6 7 8 9 10 11 12 13 14 15 16 22 | 22.4
Evocations     | 1 |  1.7
Invocations    | 1 3 5 6 7 8 9 10 11 12 13 14 15 21 | 21.2
Shields        | 1 3 4 6 8 9 10 11 12 13 14 16 22 | 22.6
Stealth        | 2 3 5 |  5.0
Translocations | 1 4 5 6 |  6.0
Spellcasting   | 3 5 6 |  6.1

Action                   |  1- 3 |  4- 6 |  7- 9 | 10-12 | 13-15 | 16-18 | 19-21 | 22-24 | 25-27 || total
-------------------------+-------+-------+-------+-------+-------+-------+-------+-------+-------++-------
 Fire: Hunting sling     |    92 |   169 |   422 |   683 |       |       |       |       |       ||  1366
       Fustibalus        |       |       |       |   282 |  1348 |  1810 |  2186 |  1774 |  6585 || 13985
Invok: Heroism           |       |       |       |     5 |     7 |     8 |     9 |     7 |    18 ||    54
       Finesse           |       |       |       |       |     4 |     5 |     3 |     3 |    10 ||    25
       Cleansing Flame   |       |       |       |       |       |       |       |       |    29 ||    29
       Summon Divine War |       |       |       |       |       |       |       |       |    16 ||    16
       Renounce Religion |       |       |       |       |       |       |       |       |     1 ||     1
Evoke: Wand              |       |       |     8 |     3 |       |       |     5 |       |     3 ||    19
       Lightning rod     |       |       |       |       |       |       |       |       |    11 ||    11
       Tin of tremorston |       |       |       |       |       |       |       |       |     1 ||     1
  Use: Scroll            |       |     6 |     5 |    15 |    19 |     5 |     9 |     9 |    32 ||   100
       Potion            |       |       |       |       |       |       |     1 |     3 |    18 ||    22
Armor: Leather armour    |       |     1 |       |       |       |       |       |       |       ||     1
       Ring mail         |       |    17 |    17 |       |       |       |       |       |    15 ||    49
       Chain mail        |       |       |    39 |   121 |    65 |   159 |   155 |   118 |    91 ||   748
       Acid dragon scale |       |       |       |       |       |       |       |       |   508 ||   508
Dodge: Dodged            |    15 |    29 |    55 |   201 |   126 |   290 |   344 |   311 |  2658 ||  4029
Block: Buckler           |       |       |       |     3 |   146 |   355 |   390 |   343 |  2906 ||  4143
       Reflection        |       |       |       |       |    13 |    82 |    97 |    67 |   130 ||   389

Table legend: (Time is in decaauts)
 A = Elapsed time spent in this place.
 B = Non-inter-level travel time spent in this place.
 C = Inter-level travel time spent in this place.
 D = Time resting spent in this place.
 E = Time spent auto-exploring this place.
 F = Levels seen in this place.
 G = Mean time per level.
                   A        B        C        D        E       F      G
               +--------+--------+--------+--------+--------+-----+--------+
         Total |  85370 |  74212 |  11158 |   3516 |  52410 |  78 | 1094.5 |
       Dungeon |  21030 |  16496 |   4534 |    468 |  12561 |  15 | 1402.0 |
        Temple |    315 |    167 |    148 |      0 |    158 |   1 |  315.0 |
          Lair |   7391 |   5902 |   1489 |    245 |   4919 |   6 | 1231.8 |
        Shoals |   6508 |   6247 |    261 |    876 |   4186 |   4 | 1627.0 |
     Snake Pit |   6513 |   5805 |    708 |     97 |   4301 |   4 | 1628.2 |
    Slime Pits |   2261 |   2103 |    158 |    268 |   1184 |   5 |  452.2 |
  Orcish Mines |   2196 |   1764 |    432 |      0 |   1349 |   2 | 1098.0 |
   Elven Halls |   5240 |   4714 |    526 |    635 |   3021 |   3 | 1746.7 |
        Vaults |   9220 |   7946 |   1274 |    180 |   5737 |   5 | 1844.0 |
         Crypt |   5280 |   4945 |    335 |    337 |   3775 |   3 | 1760.0 |
        Depths |   6552 |   5839 |    713 |     25 |   4354 |   5 | 1310.4 |
          Hell |   2377 |   2198 |    179 |    382 |   1304 |   1 | 2377.0 |
       Gehenna |   3510 |   3226 |    284 |      0 |   1591 |   7 |  501.4 |
      Tartarus |   3345 |   3233 |    112 |      0 |   2130 |   7 |  477.9 |
         Abyss |    876 |    876 |      0 |      0 |    173 |   5 |  175.2 |
        Bazaar |    357 |    357 |      0 |      0 |    182 |   2 |  178.5 |
        Bailey |    462 |    462 |      0 |      1 |    340 |   1 |  462.0 |
      Ice Cave |    637 |    637 |      0 |      0 |    444 |   1 |  637.0 |
        Wizlab |   1290 |   1290 |      0 |      0 |    698 |   1 | 1290.0 |
               +--------+--------+--------+--------+--------+-----+--------+

Top non-repeatable levels by time:
 Crypt:3: 2969 daAuts
Vaults:4: 2577 daAuts
    Hell: 2377 daAuts
Shoals:3: 2180 daAuts
   Elf:2: 2173 daAuts
     D:8: 2141 daAuts
Vaults:2: 2130 daAuts
     D:7: 2107 daAuts
 Snake:2: 2085 daAuts
 Snake:4: 2083 daAuts
    D:12: 2053 daAuts
Shoals:4: 1991 daAuts
    D:15: 1942 daAuts
   Elf:3: 1868 daAuts
   Geh:7: 1691 daAuts
